Map: Dusty Gorge

Players

Kadush

  • Race: Zerg Zerg
  • League: Platinum
  • Spawn Location: 11:00

ThellyRaul

  • Race: Terran Terran
  • League: Diamond
  • Spawn Location: 9:00

OpuS - Winner!

  • Race: Protoss Protoss
  • League: Platinum
  • Spawn Location: 3:00

Sketchaphone - Winner!

  • Race: Zerg Zerg
  • League: Platinum
  • Spawn Location: 5:00

VOD

Have the link to the VOD?

Description

Time

  • Played on: Feb. 6, 2019, 9 p.m.
  • Length: 13:53
Show
View Real Time Build Order
Export as new Build Order

Kadush Zerg 

Build Orders: Hatch First 

Get SALT Encoding   

  12  0:01  Drone  
  13  0:08  Drone  
  14  0:24  Overlord  
  14  0:44  Drone x3  
  17  0:55  Drone  
  18  1:01  Extractor  
  18  1:02  Hatchery  
  16  1:18  Spawning Pool  
  15  1:24  Drone x2  
  17  1:34  Drone  
  18  1:50  Drone x2  
  20  2:08  Metabolic Boost, Queen  
  22  2:11  Overlord  
  22  2:14  Queen  
  24  2:21  Spine Crawler  
  23  2:27  Drone x2  
  25  2:42  Drone x4  
  29  2:55  Drone x2  
  31  3:00  Lair  
  31  3:04  Baneling Nest, Zergling x2  
  31  3:07  Zergling x2  
  31  3:10  Zergling x2  
  33  3:18  Overlord  
  33  3:24  Evolution Chamber  
  33  3:26  Zergling x6  
  35  3:33  Zergling x2  
  36  3:37  Overlord  
  36  3:41  Zergling x2  
  36  3:45  Drone  
  36  3:46  Drone  
  39  3:50  Zergling x2  
  40  3:56  Drone  
  40  3:57  Zergling x6  
  40  3:59  Queen  
  46  4:03  Zergling x2  
  44  4:25  Zergling x4  
  43  4:43  Drone x2  
  43  4:44  Drone  
  46  4:46  Overlord  
  46  4:50  Zerg Missile Weapons Level 1  
  46  4:51  Centrifical Hooks  
  46  4:52  Extractor  
  45  4:59  Zergling x4  
  46  5:06  Hatchery  
  46  5:07  Zergling x4  
  47  5:18  Baneling x5  
  47  5:39  Roach Warren  
  47  5:41  Hatchery  
  47  5:42  Extractor  
  44  5:44  Extractor  
  34  5:54  Zergling x6  
  34  5:56  Zergling x4  
  39  6:09  Drone x2  
  39  6:10  Drone  
  39  6:13  Drone x2  
  39  6:14  Drone x3  
  39  6:15  Drone  
  44  6:24  Roach x2  
  48  6:28  Glial Reconstitution  
  48  6:35  Queen  
  48  6:38  Drone  
  51  6:41  Roach x3  
  51  6:42  Roach  
  51  6:43  Roach  
  61  6:50  Spore Crawler  
  61  6:51  Spore Crawler  
  59  6:58  Queen  
  61  7:13  Roach  
  56  7:19  Roach  
  56  7:20  Roach x3  
  56  7:21  Roach  
  62  7:24  Roach  
  62  7:28  Roach  
  64  7:33  Roach  
  64  7:36  Zergling x2  
  65  7:39  Roach  
  65  7:48  Drone  
  65  7:49  Drone x3  
  65  7:51  Drone  
  70  8:04  Ravager x2  
  72  8:14  Overlord x2, Nydus Network  
  71  8:22  Overlord  
  71  8:24  Spore Crawler  
  70  8:32  Roach x3  
  70  8:33  Roach  
  78  8:53  Roach  
  78  8:54  Roach x3  
  86  8:57  Roach  
  86  9:02  Roach x3  
  81  9:03  Roach  
  81  9:14  Hydralisk Den  
  76  9:29  Nydus Canal  
  76  9:32  Queen x2  
  76  9:34  Zerg Missile Weapons Level 2  
  76  9:36  Roach x2  
  84  9:43  Roach x2  
  86  10:20  Nydus Canal  
  86  10:27  Overlord x2  
  82  10:47  Queen  
  77  10:50  Hydralisk x6  
  77  10:51  Hydralisk x5  
  89  11:06  Overlord  
  89  11:14  Overlord  
  87  11:40  Infestation Pit  
  86  11:50  Nydus Canal  
  86  11:55  Roach x2  
  86  12:00  Hatchery  
  89  12:01  Overlord  
  89  12:16  Overlord x2  
  81  12:26  Hydralisk x2  
  81  12:27  Hydralisk x4  
  81  12:28  Hydralisk x3  
  81  12:34  Burrow  
  66  12:49  Hydralisk x2  
  65  13:10  Hydralisk x2  
  69  13:33  Roach x3  
Show
View Real Time Build Order
Export as new Build Order

ThellyRaul Terran 

Build Orders: Command Center First (CC) 

Get SALT Encoding   

  12  0:00  SCV  
  13  0:13  SCV  
  14  0:25  SCV  
  15  0:55  Supply Depot  
  15  1:07  Command Center  
  15  1:14  Refinery  
  15  1:16  SCV  
  16  1:23  Barracks  
  16  1:28  SCV  
  17  1:40  SCV  
  18  1:52  SCV  
  19  1:55  Refinery  
  19  2:06  SCV  
  20  2:13  Supply Depot  
  20  2:15  Barracks Reactor  
  20  2:18  Orbital Command  
  20  2:33  Orbital Command  
  20  2:44  Factory  
  20  2:48  SCV  
  21  2:52  Marine  
  21  2:53  Marine  
  23  3:00  SCV  
  23  3:02  SCV  
  25  3:09  Marine  
  25  3:12  SCV  
  26  3:14  Marine, SCV  
  28  3:22  Engineering Bay  
  28  3:24  SCV  
  28  3:26  SCV  
  30  3:27  Marine  
  30  3:32  Marine  
  32  3:35  Factory Tech Lab  
  32  3:36  SCV  
  32  3:38  SCV  
  32  3:40  Starport  
  34  3:45  Marine  
  35  3:48  SCV  
  35  3:50  Marine  
  35  3:53  Barracks  
  37  4:13  Marine x2  
  37  4:40  Marine x2  
  37  4:43  SCV  
  40  4:48  Starport Reactor  
  40  4:49  Barracks Tech Lab, Siege Tank  
  43  4:53  SCV  
  43  4:58  Marine  
  40  5:07  SCV  
  41  5:15  Missile Turret  
  41  5:18  Missile Turret  
  41  5:21  SCV x2  
  43  5:25  Stimpack  
  43  5:27  Marine x2  
  45  5:31  Marine  
  46  5:36  Supply Depot  
  46  5:43  SCV x2  
  46  5:45  Marine x2  
  46  5:46  Barracks  
  46  5:48  Barracks  
  46  5:49  Marine  
  51  5:50  Medivac  
  51  5:55  SCV  
  51  5:56  Refinery  
  54  5:57  Refinery  
  54  5:58  Medivac, SCV  
  54  6:00  Supply Depot x2  
  54  6:02  Marine  
  54  6:03  Marine  
  59  6:07  SCV  
  59  6:10  SCV  
  61  6:17  Supply Depot  
  61  6:19  Marine  
  61  6:22  Medivac, Marine, SCV x2  
  61  6:25  Marine  
  68  6:30  Supply Depot  
  68  6:34  SCV x2  
  68  6:37  Marine  
  68  6:38  Barracks Reactor x2  
  68  6:39  Marine  
  71  6:42  Siege Tank  
  71  6:43  Marine  
  71  6:46  SCV x2  
  78  6:54  Marine  
  78  6:57  Marine  
  78  6:58  SCV x2  
  78  7:23  Marine x3  
  60  7:54  Marine x4  
  60  7:56  Viking x2  
  60  7:57  SCV x2  
  67  8:01  Starport x2  
  67  8:06  Marine x2  
  67  8:11  Marine  
  67  8:12  Marine  
  71  8:17  Marine x2  
  71  8:18  Marine  
  71  8:24  Armory  
  71  8:25  Terran Infantry Weapons Level 1  
  71  8:26  Viking  
  73  8:31  Engineering Bay, Marine x2  
  73  8:32  Medivac  
  77  8:34  SCV x2  
  77  8:39  Command Center  
  79  8:44  Starport  
  79  8:46  SCV  
  79  8:47  Starport Reactor, SCV  
  80  8:51  Starport Reactor  
  79  9:02  Marine x2  
  79  9:03  Marine  
  79  9:05  Viking  
  79  9:06  Viking  
  86  9:11  Marine x2  
  87  9:22  Combat Shield  
  87  9:25  SCV x2  
  87  9:32  Marine x3  
  87  9:34  Marine  
  87  9:35  Marine  
  87  9:38  Viking x2  
  94  9:46  Viking x3  
  94  9:49  Supply Depot  
  94  9:50  Medivac, Supply Depot  
  102  9:54  Marine x2  
  104  10:00  Marine x2  
  104  10:01  Marine x2  
  108  10:07  Barracks  
  108  10:08  Medivac  
  108  10:09  Marine  
  108  10:12  Marine  
  108  10:13  Terran Infantry Armor Level 1  
  112  10:17  Terran Ship Weapons Level 1  
  112  10:20  Marine x2  
  114  10:27  Marine x2  
  114  10:28  Marine x2  
  118  10:30  Marine  
  119  10:38  Medivac x2  
  119  10:40  Concussive Shells  
  119  10:41  Marine x2  
  125  10:45  Marine x2  
  125  10:46  Medivac  
  128  10:50  Marine  
  119  11:15  Orbital Command  
  119  11:18  Marine x2  
  121  11:20  Marine x2  
  121  11:21  Medivac  
  121  11:22  Medivac, Viking  
  129  11:26  SCV  
  130  11:38  Marine x2  
  66  12:11  Marine x4  
  66  12:13  Marine  
  70  12:20  Medivac, Starport Reactor  
  70  12:22  Marine x2  
  72  12:23  Marine  
  72  12:29  Marine x4  
  79  12:31  Marine  
  79  12:32  Medivac x3  
  79  12:34  SCV x2  
  88  12:40  Marine  
  88  12:41  Marine  
  91  12:46  Marine, SCV  
  91  12:47  Marine x3  
  91  12:49  Medivac, Marine  
  99  12:57  Barracks Reactor  
  99  12:58  Marine  
  98  12:59  Marine  
  98  13:01  Viking  
  98  13:02  Medivac  
  98  13:04  Marine x2  
  98  13:05  Marine x2  
  108  13:07  Marine  
  108  13:16  Marine  
  108  13:17  Marine  
  110  13:22  Marine x3  
  110  13:23  Marine  
  110  13:24  Marine  
  115  13:34  Marine  
  102  13:35  Marine  
Show
View Real Time Build Order
Export as new Build Order

OpuS Protoss - Winner!

Build Orders: Oracle Opening, Carriers 

Get SALT Encoding   

  12  0:01  Probe  
  13  0:13  Probe  
  14  0:25  Probe  
  14  0:26  Pylon  
  15  0:44  Gateway  
  15  0:47  Probe  
  15  0:55  Probe  
  15  0:56  Assimilator  
  17  1:05  Gateway  
  17  1:18  Probe  
  18  1:27  Forge  
  18  1:28  Pylon  
  18  1:30  Probe  
  19  2:13  Cybernetics Core  
  19  2:16  Probe  
  19  2:18  Zealot  
  19  2:19  Zealot  
  24  2:24  Probe  
  25  2:36  Probe  
  25  2:44  Pylon, Probe  
  27  2:51  Stargate  
  27  2:53  Probe  
  27  2:56  Assimilator  
  27  3:00  Adept  
  27  3:01  Adept  
  27  3:02  Probe  
  31  3:08  Pylon  
  31  3:38  Nexus  
  31  3:39  Oracle  
  34  3:47  Pylon  
  30  4:18  Warp Gate  
  30  4:30  Zealot x2  
  30  4:38  Fleet Beacon  
  30  4:41  Twilight Council  
  30  4:43  Pylon  
  27  5:08  Zealot x2  
  31  5:14  Probe x2  
  31  5:18  Charge  
  33  5:26  Probe  
  33  5:27  Probe  
  35  5:36  Gateway  
  35  5:38  Probe  
  35  5:39  Probe  
  37  5:51  Carrier  
  37  5:54  Probe  
  37  5:57  Probe  
  45  6:08  Zealot x2  
  49  6:12  Probe x2  
  51  6:24  Probe  
  51  6:25  Probe  
  53  6:29  Stargate  
  53  6:32  Zealot  
  53  6:33  Zealot  
  53  6:36  Zealot  
  59  6:45  Probe x2  
  61  6:48  Pylon  
  61  6:51  Pylon  
  61  6:57  Probe  
  62  7:04  Carrier  
  54  7:33  Probe x2  
  54  7:36  Assimilator  
  52  7:40  Assimilator  
  52  7:45  Probe  
  52  7:46  Probe  
  54  7:56  Carrier  
  54  7:57  Probe  
  54  7:58  Probe  
  62  8:10  Probe x2  
  62  8:12  Gateway  
  64  8:16  Gateway  
  64  8:18  Carrier, Gateway  
  64  8:19  Zealot x3  
  76  8:45  Pylon  
  76  8:47  Pylon  
  76  8:52  Stargate  
  70  9:04  Carrier  
  70  9:09  Nexus  
  70  9:37  Carrier  
  76  9:43  Carrier  
  82  9:50  Zealot x3  
  88  9:57  Zealot x2  
  92  10:07  Assimilator  
  92  10:12  Assimilator  
  92  10:15  Pylon  
  92  10:20  Pylon  
  92  10:25  Carrier  
  93  10:47  Carrier  
  93  10:51  Probe x2  
  93  10:52  Probe  
  96  11:03  Probe  
  96  11:04  Probe x2  
  99  11:09  Protoss Air Weapons Level 1  
  99  11:16  Probe x3  
  99  11:17  Cybernetics Core  
  102  11:28  Probe x3  
  105  11:41  Carrier  
  105  11:42  Carrier  
  99  12:04  Carrier  
  86  12:45  Carrier  
  86  12:46  Carrier  
  98  12:55  Nexus  
  98  13:11  Nexus  
  98  13:46  Pylon  
  98  13:48  Pylon  
Show
View Real Time Build Order
Export as new Build Order

Sketchaphone Zerg - Winner!

Build Orders: Hatch First 

Get SALT Encoding   

  12  0:01  Drone  
  13  0:15  Overlord  
  13  0:19  Drone, Extractor  
  14  0:33  Drone x2  
  16  0:37  Drone  
  17  0:55  Hatchery  
  16  0:59  Drone  
  16  1:01  Extractor  
  16  1:04  Drone  
  17  1:22  Spawning Pool  
  16  1:34  Drone  
  16  1:35  Drone x2  
  19  1:53  Drone  
  20  1:58  Overlord  
  20  2:09  Queen  
  20  2:10  Metabolic Boost  
  22  2:15  Queen  
  24  2:28  Zergling x2  
  25  2:40  Drone x2  
  25  2:41  Drone x4  
  31  2:57  Overlord  
  31  3:12  Hatchery  
  31  3:14  Zergling x10  
  35  3:35  Evolution Chamber  
  35  3:38  Zergling x8  
  38  3:45  Zergling x2  
  38  3:46  Zergling x2  
  40  3:51  Baneling Nest  
  30  4:32  Drone  
  30  4:33  Drone x10  
  39  4:41  Zerg Melee Weapons Level 1  
  39  4:45  Drone x2  
  42  4:57  Zergling x12  
  45  5:11  Overlord  
  45  5:12  Overlord  
  45  5:20  Baneling x4  
  45  5:34  Overlord  
  45  5:35  Overlord  
  39  5:53  Roach Warren  
  39  5:56  Hatchery  
  37  6:01  Zergling x18  
  37  6:02  Evolution Chamber  
  43  6:26  Baneling x2  
  43  6:36  Overlord  
  43  6:38  Roach x3  
  49  6:40  Zerg Ground Armor Level 1  
  49  6:41  Extractor  
  49  6:42  Drone, Extractor  
  49  6:43  Drone x2  
  49  6:44  Extractor  
  49  6:53  Baneling x2  
  49  6:54  Baneling x2  
  48  7:12  Zergling x18  
  49  7:33  Baneling  
  49  7:34  Baneling x3  
  42  7:47  Drone x12  
  53  7:57  Roach  
  53  7:58  Roach  
  57  7:59  Zergling x2  
  58  8:08  Zergling x2  
  58  8:09  Zergling x2  
  60  8:13  Zergling x8  
  60  8:17  Baneling x3  
  60  8:18  Zergling x4  
  60  8:19  Queen  
  68  8:36  Queen  
  68  8:37  Drone x2  
  72  8:43  Zergling x10  
  76  9:01  Zergling x10  
  75  9:06  Zergling x2  
  76  9:12  Lair, Roach  
  76  9:13  Roach  
  72  9:33  Zergling x2  
  72  9:34  Roach x5  
  83  9:43  Drone x3  
  76  9:54  Roach x4  
  76  9:55  Roach  
  88  10:01  Baneling x6  
  88  10:02  Overlord, Baneling x4  
  86  10:08  Overlord  
  82  10:23  Zergling x14  
  89  10:32  Zergling x2  
  90  10:44  Centrifical Hooks  
  90  10:47  Hatchery  
  66  11:17  Baneling x16  
  62  11:19  Queen  
  64  11:29  Zergling x18  
  64  11:31  Zerg Ground Armor Level 2  
  73  11:33  Zerg Melee Weapons Level 2  
  73  11:38  Zergling x2  
  74  11:42  Roach x2  
  78  11:49  Roach  
  78  11:50  Glial Reconstitution  
  80  12:06  Zergling x16  
  88  12:11  Hatchery  
  88  12:14  Zergling x4  
  89  12:17  Zergling x2  
  89  12:21  Drone x2  
  92  12:25  Overlord x2  
  78  12:51  Zergling x16  
  86  13:00  Zergling x8  
  86  13:01  Zergling x6  
  89  13:08  Queen  
  91  13:21  Overlord  
Tags
 
Add a new tag
Caveats
  • Supply blocks, unpowered buildings, or Contaminate may cause inaccurate times.
  • Supply counts are checked every 10 seconds.